 Dungeon Crawl Stone Soup version 0.28.0-43-g3370ac3207 (webtiles) character file.

Game seed: 6604308269373740198

176 RascalDebosk the Vandal (level 5, 0/43 HPs)
             Began as a Gnoll Wanderer on Mar 16, 2022.
             Was an Initiate of Gozag.
             Slain by an iguana (9 damage)
             ... on level 4 of the Dungeon.
             The game lasted 00:32:13 (3682 turns).

RascalDebosk the Vandal (Gnoll Wanderer)            Turns: 3682, Time: 00:32:14

Health: 0/43       AC:  3    Str:  9    XL:     5   Next: 56%
Magic:  7/7        EV: 11    Int: 10    God:    Gozag
Gold:   287        SH:  0    Dex: 17    Spells: 7/7 levels left

rFire   . . .      SeeInvis .   r - +4 whip
rCold   . . .      Faith    .   (no shield)
rNeg    . . .      Spirit   .   s - +0 leather armour
rPois   .          Reflect  .   (no helmet)
rElec   .          Harm     .   (no cloak)
rCorr   .          Rampage  .   (no gloves)
Will    .....                   (no boots)
Stlth   ++........              (no amulet)
HPRegen 0.14/turn               (no ring)
MPRegen 0.10/turn               (no ring)

@: no status effects
A: fangs 1, strong nose, distributed training
a: Renounce Religion, Potion Petition, Call Merchant, Bribe Branch


You were on level 4 of the Dungeon.
You worshipped Gozag.
Gozag was aware of your devotion.
You visited 1 branch of the dungeon, and saw 4 of its levels.

You collected 298 gold pieces.
You paid 11 gold pieces to Gozag.

Inventory:

Hand Weapons
 a - a +2 hunting sling
 l - a +2 dagger of venom
 r - a +4 whip (weapon)
Missiles
 b - 34 sling bullets
 g - 48 stones (quivered)
 o - 4 poisoned darts
Armour
 s - a +0 leather armour (worn)
Scrolls
 c - a scroll of acquirement {unknown}
 e - a scroll of enchant weapon {unknown}
 f - a scroll of blinking {unknown}
 h - 2 scrolls of fear {unknown}
 i - 2 scrolls of magic mapping {unknown}
 q - a scroll of enchant armour {unknown}
Potions
 j - 6 potions of curing {unknown}
 k - a potion of magic {unknown}
 m - a potion of invisibility {unknown}
 n - a potion of attraction {unknown}
 p - 2 potions of brilliance {unknown}


   Skills:
 + Level 4.8 Fighting
 + Level 1.5 Short Blades
 + Level 1.5 Long Blades
 + Level 4.8 Axes
 + Level 1.5 Maces & Flails
 + Level 1.5 Polearms
 + Level 1.5 Staves
 + Level 6.7 Slings
 + Level 1.5 Bows
 + Level 1.5 Crossbows
 + Level 3.0 Throwing
 + Level 3.0 Armour
 + Level 1.5 Dodging
 + Level 2.8 Stealth
 + Level 1.5 Shields
 + Level 1.5 Unarmed Combat
 + Level 1.5 Spellcasting
 + Level 1.2 Conjurations
 + Level 1.2 Hexes
 + Level 1.2 Summonings
 + Level 1.2 Necromancy
 + Level 1.2 Translocations
 + Level 1.2 Transmutations
 + Level 1.2 Fire Magic
 + Level 1.2 Ice Magic
 + Level 1.2 Air Magic
 + Level 1.2 Earth Magic
 + Level 1.2 Poison Magic
 + Level 1.7 Invocations
 + Level 1.5 Evocations


You had 7 spell levels left.
You didn't know any spells.
Your spell library was empty.

Dungeon Overview and Level Annotations

Branches:
Dungeon (4/15)
 Temple: D:4-7

Altars:
Gozag


Innate Abilities, Weirdness & Mutations

You have very sharp teeth.
Your uncanny sense of smell can sniff out nearby items.
Your experience applies equally to all skills.


Message History

The iguana hisses angrily.
Fire: 35 sling bullets
Press: ? - help, Q - select action, (/) - cycle Shift-Dir - straight line, f/p - adder
Aim: an adder (severely wounded, 52% to hit)
You shoot a sling bullet.
The sling bullet barely misses the iguana.
The sling bullet hits the adder!
You kill the adder!
The iguana barely misses you.
r - a +4 whip (weapon)
The iguana bites you.
You closely miss the iguana. You punch the iguana, but do no damage.
The iguana bites you!
You whack the iguana! Your bite misses the iguana.
The iguana is heavily wounded.
The iguana bites you but does no damage.
You closely miss the iguana.
The iguana is heavily wounded.
The iguana barely misses you.
You closely miss the iguana. You bite the iguana, but do no damage.
The iguana is heavily wounded.
The iguana bites you!
You closely miss the iguana.
The iguana is heavily wounded.
The iguana bites you.
You hit the iguana. You bite the iguana, but do no damage.
The iguana is heavily wounded.
The iguana bites you!
* * * LOW HITPOINT WARNING * * *
You closely miss the iguana.
The iguana is heavily wounded.
The iguana completely misses you.
You hit the iguana but do no damage.
The iguana is heavily wounded.
The iguana misses you.
You closely miss the iguana.
The iguana is heavily wounded.
The iguana bites you!
You die...
Your body crumbles into a pile of gold.

∆ #..###
#.... #<..#
##### #...#
(($.......#
#.....#...#
#...l...#
#....@#
####..#
.....
####.#.
#####


You could see an iguana.

Vanquished Creatures
  A hound (D:3)
  Terence (D:2)
  6 gnolls
  An adder (D:4)
  A worm (D:2)
  A dart slug (D:2)
  3 orcs (D:3)
  5 ball pythons
  4 bats
  4 endoplasms
  2 giant cockroaches (D:1)
  2 goblins
  2 hobgoblins
  2 jackals (D:2)
  3 kobolds
  A quokka (D:1)
  6 frilled lizards
  4 rats (D:3)
49 creatures vanquished.

Notes
Turn   | Place    | Note
-------+----------+-------------------------------------------
     0 | D:1      | RascalDebosk the Gnoll Wanderer began the quest for the
                  | Orb.
     0 | D:1      | RascalDebosk set off with the following items: a +2 hunting
                  | sling, 19 sling bullets, a +0 hand axe, a +0 ring mail
     0 | D:1      | Reached XP level 1. HP: 20/20 MP: 1/1
   383 | D:1      | Reached XP level 2. HP: 26/26 MP: 2/2
   604 | D:2      | Found an opulent altar of Gozag.
   881 | D:2      | Noticed Terence
   897 | D:2      | Killed Terence
   898 | D:2      | Reached skill level 1 in Invocations
   898 | D:2      | Reached XP level 3. HP: 13/31 MP: 2/4
  1367 | D:2      | Became a worshipper of Gozag Ym Sagoz the Greedy
  1759 | D:2      | Reached skill level 1 in Short Blades
  1759 | D:2      | Reached skill level 1 in Long Blades
  1759 | D:2      | Reached skill level 1 in Maces & Flails
  1759 | D:2      | Reached skill level 1 in Polearms
  1759 | D:2      | Reached skill level 1 in Staves
  1759 | D:2      | Reached skill level 1 in Bows
  1759 | D:2      | Reached skill level 1 in Crossbows
  1759 | D:2      | Reached skill level 1 in Dodging
  1759 | D:2      | Reached skill level 1 in Shields
  1759 | D:2      | Reached skill level 1 in Unarmed Combat
  1759 | D:2      | Reached skill level 1 in Spellcasting
  1759 | D:2      | Reached skill level 1 in Evocations
  1759 | D:2      | Reached XP level 4. HP: 38/38 MP: 5/5
  2337 | D:3      | Reached skill level 1 in Conjurations
  2337 | D:3      | Reached skill level 1 in Hexes
  2337 | D:3      | Reached skill level 1 in Summonings
  2337 | D:3      | Reached skill level 1 in Necromancy
  2337 | D:3      | Reached skill level 1 in Translocations
  2337 | D:3      | Reached skill level 1 in Transmutations
  2337 | D:3      | Reached skill level 1 in Fire Magic
  2337 | D:3      | Reached skill level 1 in Ice Magic
  2337 | D:3      | Reached skill level 1 in Air Magic
  2337 | D:3      | Reached skill level 1 in Earth Magic
  2337 | D:3      | Reached skill level 1 in Poison Magic
  2445 | D:3      | Reached XP level 5. HP: 43/43 MP: 5/7
  2824 | D:3      | HP: 2/43 [orc/+0 flail (8)]
  3283 | D:3      | Found a faded altar of an unknown god.
  3682 | D:4      | Slain by an iguana

Illustrated notes

Levels and vault maps discovered:
D:1:      lemuel_arrival_behind_the_door_small, layout_loops_ring
D:2:      layout_basic, basic_altar, uniq_terence
D:3:      layout_basic, chequers_ecumenical_altar_twisty
D:4:      layout_basic, nicolae_gozag_cash_rules_everything_around_me,
          minmay_cut_off

Skill      XL: |  1  2  3  4  5 |
---------------+----------------+-----
Invocations    | 1 |  1.7
Short Blades   | 1 |  1.5
Long Blades    | 1 |  1.5
Maces & Flails | 1 |  1.5
Polearms       | 1 |  1.5
Staves         | 1 |  1.5
Bows           | 1 |  1.5
Crossbows      | 1 |  1.5
Dodging        | 1 |  1.5
Shields        | 1 |  1.5
Unarmed Combat | 1 |  1.5
Spellcasting   | 1 |  1.5
Evocations     | 1 |  1.5
Conjurations   | 1 |  1.2
Hexes          | 1 |  1.2
Summonings     | 1 |  1.2
Necromancy     | 1 |  1.2
Translocations | 1 |  1.2
Transmutations | 1 |  1.2
Fire Magic     | 1 |  1.2
Ice Magic      | 1 |  1.2
Air Magic      | 1 |  1.2
Earth Magic    | 1 |  1.2
Poison Magic   | 1 |  1.2
Throwing       | 3 |  3.0
Armour         | 3 |  3.0
Fighting       | |  4.8
Axes           | |  4.8
Slings         | |  6.7
Stealth        | |  2.8

Action                   |  1- 3 |  4- 6 || total
-------------------------+-------+-------++-------
Melee: Quarterstaff      |     4 |       ||     4
       Dagger            |    19 |       ||    19
       Bite              |     2 |     4 ||     6
       Punch             |     1 |     1 ||     2
       Whip              |       |    32 ||    32
 Fire: Hunting sling     |    40 |    52 ||    92
Armor: Ring mail         |     8 |     8 ||    16
       Leather armour    |       |     1 ||     1
Dodge: Dodged            |    11 |    26 ||    37
